Map: 뉴커크 재개발 지구 - 토너먼트 (공허의 유산)

Players

Impact - Winner!

  • Race: Zerg Zerg
  • Spawn Location: 5:00

Bunny

  • Race: Terran Terran
  • Spawn Location: 7:00

Event: IEM XI Katowice - World Championship 2017

VOD

Have the link to the VOD?

Description

Time

  • Played on: Feb. 28, 2017, 4:48 a.m.
  • Length: 6:01

All games in this series

Show
View Real Time Build Order
Export as new Build Order

Impact Zerg - Winner!

Build Orders: Pool First, Roach Nydus 

Get SALT Encoding   

  12  0:00  Drone  
  13  0:13  Overlord  
  13  0:17  Drone  
  14  0:31  Drone x2  
  17  0:35  Drone  
  17  0:45  Spawning Pool  
  17  0:48  Drone  
  17  0:56  Drone  
  18  1:10  Extractor  
  17  1:13  Hatchery  
  17  1:16  Drone  
  17  1:32  Zergling x2  
  18  1:33  Zergling x2, Queen  
  18  1:39  Drone  
  22  1:49  Overlord  
  22  2:08  Drone  
  23  2:09  Queen  
  23  2:12  Drone  
  23  2:15  Metabolic Boost  
  26  2:22  Drone  
  27  2:26  Drone  
  27  2:27  Queen  
  30  2:34  Drone  
  31  2:38  Drone  
  31  2:42  Drone  
  33  2:49  Overlord  
  33  2:52  Pneumatized Carapace  
  33  2:57  Drone  
  34  2:59  Drone  
  34  3:00  Drone  
  36  3:06  Overlord  
  36  3:11  Drone  
  36  3:13  Drone  
  36  3:16  Drone  
  38  3:20  Drone x2  
  38  3:21  Drone x2  
  38  3:22  Drone  
  38  3:24  Drone  
  38  3:26  Drone  
  45  3:39  Hatchery  
  44  3:45  Zergling x6  
  47  3:50  Roach Warren  
  46  3:55  Lair  
  46  3:57  Zergling x2  
  46  4:00  Overlord  
  47  4:03  Drone  
  47  4:05  Drone  
  47  4:07  Extractor  
  47  4:08  Extractor, Drone  
  47  4:09  Drone  
  49  4:10  Drone  
  49  4:12  Drone  
  51  4:18  Queen  
  51  4:21  Drone x2  
  55  4:24  Drone  
  55  4:29  Overlord x2  
  56  4:32  Overlord  
  56  4:38  Roach x2  
  60  4:48  Roach x3  
  60  4:49  Roach  
  68  4:55  Queen  
  68  4:56  Queen  
  69  5:04  Spore Crawler, Nydus Network  
  65  5:07  Overseer  
  65  5:11  Roach  
  65  5:13  Roach  
  69  5:14  Spore Crawler, Drone  
  69  5:17  Roach  
  69  5:20  Roach  
  73  5:24  Overlord  
  75  5:40  Nydus Canal  
Show
View Real Time Build Order
Export as new Build Order

Bunny Terran 

Build Orders: Reaper Expand, Hellion Banshee 

Get SALT Encoding   

  12  0:00  SCV  
  13  0:12  SCV  
  14  0:17  Supply Depot  
  14  0:25  SCV  
  15  0:39  SCV  
  15  0:40  Barracks  
  16  0:45  Refinery  
  16  0:51  SCV  
  17  1:03  SCV  
  18  1:15  SCV  
  19  1:27  Orbital Command  
  19  1:28  Reaper  
  20  1:42  Command Center  
  20  1:53  SCV  
  21  1:54  Supply Depot  
  21  2:00  Marine  
  22  2:05  SCV  
  23  2:11  Factory  
  22  2:17  SCV  
  22  2:22  Refinery, Barracks Reactor  
  23  2:29  SCV  
  24  2:41  SCV  
  24  2:53  SCV  
  24  3:00  Starport  
  24  3:05  SCV  
  24  3:07  Hellion x2  
  24  3:10  Barracks Tech Lab  
  28  3:14  Orbital Command  
  28  3:17  SCV  
  29  3:29  Hellion, SCV  
  29  3:30  Hellion  
  34  3:39  Supply Depot  
  34  3:40  SCV  
  35  3:41  SCV  
  35  3:48  Medivac  
  38  3:50  Hellion  
  38  3:53  Hellion  
  42  3:56  SCV  
  42  3:57  SCV  
  42  4:01  Cloaking Field  
  44  4:07  Supply Depot  
  44  4:08  SCV  
  45  4:10  SCV  
  45  4:14  Hellion  
  48  4:18  Hellion  
  48  4:22  SCV x2  
  52  4:28  Banshee  
  52  4:29  Supply Depot  
  55  4:34  SCV x2  
  57  4:46  SCV x2  
  57  4:51  Hellion x2  
  63  4:58  SCV  
  63  4:59  SCV  
  61  5:05  Command Center  
  61  5:10  SCV  
  61  5:11  Armory, SCV  
  63  5:15  Banshee  
  66  5:22  SCV  
  66  5:23  SCV  
  66  5:25  Supply Depot  
  68  5:29  Hellion  
  70  5:36  Refinery  
  70  5:37  Refinery  
  70  5:46  SCV x2  
  70  5:49  Factory x2  

Tags
 
Add a new tag
Caveats
  • Supply blocks, unpowered buildings, or Contaminate may cause inaccurate times.
  • Supply counts are checked every 10 seconds.